EL
TULSA DRILLERS @ COLUMBIA FIREFLIES
07/28/2044
 
TOP OF THE 1ST
Tulsa Drillers batting - Pitching for Columbia Fireflies : RHP Paul Schaecher
Pitching: RHP Paul Schaecher
Batting: RHB Steve Haskins 0-0: Foul Ball, location: 2F
0-1: Ball
1-1: Swinging Strike
1-2: Ball
2-2: Ball
3-2: Strikes out swinging
Batting: RHB Jesse White 0-0: Ball
1-0: Ball
2-0: Ball
3-0: Base on Balls
Batting: LHB Nick McGraw 0-0: Ball
1-0: Fielders Choice at 2nd, 3-6 (Groundball, 3, EV 80.0 MPH)
Batting: RHB Dave Cordero 0-0: Called Strike
0-1: Ball
1-1: Swinging Strike
1-2: Ball
2-2: Foul Ball, location: 2F
2-2: Strikes out swinging
Top of the 1st over - 0 runs, 0 hits, 0 errors, 1 left on base; Tulsa 0 - Columbia 0
BOTTOM OF THE 1ST
Columbia Fireflies batting - Pitching for Tulsa Drillers : RHP Danny Roe
Pitching: RHP Danny Roe
Batting: RHB Billy Walker 0-0: Ball
1-0: Foul Ball, location: 2F
1-1: Called Strike
1-2: Foul Ball, location: 2F
1-2: Ground out 5-3 (Groundball, 5, EV 92.5 MPH)
Batting: LHB Joey Biber 0-0: Ball
1-0: Ball
2-0: SINGLE (Groundball, 4MD, EV 95.0 MPH)
Batting: RHB Jeff MacPhee 0-0: SINGLE (Groundball, 6MS, EV 67.5 MPH) (infield hit)
Joey Biber to second
Batting: LHB Roy Blonski 0-0: Foul Ball, location: 2F
0-1: 3-RUN HOME RUN (Flyball, 9LD, EV 92.5 MPH), Distance : 344 ft
Batting: LHB Marc Durgin 0-0: Ball
1-0: Foul Ball, location: 2F
1-1: Ball
2-1: Ground out 4-3 (Groundball, 4M, EV 80.0 MPH)
Batting: RHB Jonathan Jelich 0-0: Called Strike
0-1: Ball
1-1: Swinging Strike
1-2: Strikes out swinging
Bottom of the 1st over - 3 runs, 3 hits, 0 errors, 0 left on base; Tulsa 0 - Columbia 3
TOP OF THE 2ND
Tulsa Drillers batting - Pitching for Columbia Fireflies : RHP Paul Schaecher
Batting: SHB Xavier Alaniz 0-0: Swinging Strike
0-1: Swinging Strike
0-2: Ball
1-2: Strikes out swinging
Batting: LHB David McNair 0-0: Ball
1-0: Foul Ball, location: 2F
1-1: Ball
2-1: Called Strike
2-2: Foul Ball, location: 2F
2-2: Strikes out swinging
Batting: RHB Koen van Oort 0-0: Ball
1-0: Ground out 6-3 (Groundball, 6M, EV 103.1 MPH)
Top of the 2nd over - 0 runs, 0 hits, 0 errors, 0 left on base; Tulsa 0 - Columbia 3
BOTTOM OF THE 2ND
Columbia Fireflies batting - Pitching for Tulsa Drillers : RHP Danny Roe
Batting: RHB Yoshiro Higuchi 0-0: Ball
1-0: Called Strike
1-1: Ball
2-1: Swinging Strike
2-2: Ground out 6-3 (Groundball, 6, EV 87.5 MPH)
Batting: RHB Ricky Trejo 0-0: Called Strike
0-1: Ball
1-1: Foul Ball, location: 2F
1-2: SINGLE (Line Drive, 34, EV 96.9 MPH)
Batting: RHB Omar Gonzalez Pickoff Throw to First - Error! E1
Ricky Trejo to second
0-0: Called Strike
0-1: SINGLE (Groundball, 6MD, EV 103.8 MPH)
Ricky Trejo to third
Batting: RHB Billy Walker 0-0: Ball
1-0: Called Strike
1-1: Ball
2-1: Fly out, F7 (Flyball, 78XD, EV 100.0 MPH)
Runner from 3rd tags up, SCORES, no throw by LF
Batting: LHB Joey Biber 0-0: DOUBLE (Flyball, 89XD, EV 103.8 MPH)
Omar Gonzalez to third
Runner from 3rd tries for Home, throw by CF and OUT! 8-4-2
Bottom of the 2nd over - 1 run, 3 hits, 1 error, 1 left on base; Tulsa 0 - Columbia 4
TOP OF THE 3RD
Tulsa Drillers batting - Pitching for Columbia Fireflies : RHP Paul Schaecher
Batting: RHB Billy Valadez 0-0: Ball
1-0: Foul Ball, location: 2F
1-1: Called Strike
1-2: Strikes out swinging
Batting: RHB Dave Archibeque 0-0: Ball
1-0: Ball
2-0: Ball
3-0: Base on Balls
Batting: RHB Steve Haskins 0-0: Ball
1-0: Swinging Strike
1-1: Foul Ball, location: 2F
1-2: Strikes out looking
Batting: RHB Jesse White 0-0: Called Strike
0-1: Ball
1-1: Foul Ball, location: 2F
1-2: Hit by Pitch
Dave Archibeque to second
Batting: LHB Nick McGraw 0-0: Foul Ball, location: 2F
0-1: Ball
1-1: Swinging Strike
1-2: Ball
2-2: Ball
3-2: Strikes out swinging
Top of the 3rd over - 0 runs, 0 hits, 0 errors, 2 left on base; Tulsa 0 - Columbia 4
BOTTOM OF THE 3RD
Columbia Fireflies batting - Pitching for Tulsa Drillers : RHP Danny Roe
Batting: RHB Jeff MacPhee 0-0: Called Strike
0-1: Reached on error, E6 (Groundball, 6, EV 84.4 MPH)
Batting: LHB Roy Blonski 0-0: Called Strike
0-1: SINGLE (Groundball, 6MD, EV 94.4 MPH)
Jeff MacPhee to second
Batting: LHB Marc Durgin 0-0: Called Strike
0-1: Ball
1-1: Ball
2-1: Ball
3-1: Fielders Choice at 2nd, 3-6 (Groundball, 3D, EV 90.6 MPH)
Jeff MacPhee to third
Batting: RHB Jonathan Jelich 0-0: Called Strike
0-1: Fly out, F9 (Flyball, 9D, EV 102.5 MPH)
Runner from 3rd tags up, OUT at HOME! 9-2
Bottom of the 3rd over - 0 runs, 1 hit, 1 error, 1 left on base; Tulsa 0 - Columbia 4
TOP OF THE 4TH
Tulsa Drillers batting - Pitching for Columbia Fireflies : RHP Paul Schaecher
Batting: RHB Dave Cordero 0-0: Ball
1-0: Ground out 1-3 (Groundball, P, EV 70.0 MPH)
Batting: SHB Xavier Alaniz 0-0: Ball
1-0: Foul Ball, location: 2F
1-1: Swinging Strike
1-2: Ball
2-2: Ball
3-2: Foul Ball, location: 2F
3-2: Foul Ball, location: 2F
3-2: Foul Ball, location: 2F
3-2: SINGLE (Groundball, 3D, EV 97.5 MPH)
Batting: LHB David McNair 0-0: 2-RUN HOME RUN (Flyball, 9LD, EV 93.1 MPH), Distance : 327 ft
Batting: RHB Koen van Oort 0-0: Foul Ball, location: 2F
0-1: Ground out 5-3 (Groundball, 56, EV 86.9 MPH)
Batting: RHB Billy Valadez 0-0: Ground out 6-3 (Groundball, 6, EV 111.9 MPH)
Top of the 4th over - 2 runs, 2 hits, 0 errors, 0 left on base; Tulsa 2 - Columbia 4
BOTTOM OF THE 4TH
Columbia Fireflies batting - Pitching for Tulsa Drillers : RHP Danny Roe
Batting: RHB Yoshiro Higuchi 0-0: Fly out, F7 (Flyball, 7LM, EV 85.0 MPH)
Batting: RHB Ricky Trejo 0-0: Ground out 5-3 (Groundball, 5, EV 85.6 MPH)
Batting: RHB Omar Gonzalez 0-0: DOUBLE (Flyball, 8LD, EV 84.4 MPH)
Batting: RHB Billy Walker 0-0: Foul Ball, location: 2F
0-1: Foul Ball, location: 2F
0-2: Ball
1-2: Ball
2-2: Foul Ball, location: 2F
2-2: Ground out 6-3 (Groundball, 6, EV 104.4 MPH)
Bottom of the 4th over - 0 runs, 1 hit, 0 errors, 1 left on base; Tulsa 2 - Columbia 4
TOP OF THE 5TH
Tulsa Drillers batting - Pitching for Columbia Fireflies : RHP Paul Schaecher
Batting: RHB Dave Archibeque 0-0: Ball
1-0: Ball
2-0: Ground out 6-3 (Groundball, 6, EV 108.8 MPH)
Pitching: RHP Bruce Charles
Batting: RHB Steve Haskins 0-0: Ball
1-0: Ball
2-0: Ball
3-0: Foul Ball, location: 2F
3-1: Called Strike
3-2: Strikes out looking
Batting: RHB Jesse White 0-0: Called Strike
0-1: Ball
1-1: Swinging Strike
1-2: Strikes out looking
Top of the 5th over - 0 runs, 0 hits, 0 errors, 0 left on base; Tulsa 2 - Columbia 4
BOTTOM OF THE 5TH
Columbia Fireflies batting - Pitching for Tulsa Drillers : RHP Danny Roe
Batting: LHB Joey Biber 0-0: Ball
1-0: Foul Ball, location: 2F
1-1: Foul Ball, location: 2F
1-2: Strikes out swinging
Batting: RHB Jeff MacPhee 0-0: Ball
1-0: Called Strike
1-1: DOUBLE (Flyball, 89XD, EV 110.0 MPH)
Batting: LHB Roy Blonski 0-0: Ball
1-0: Foul Ball, location: 2F
1-1: Swinging Strike
1-2: Reached via error on a dropped throw from SS, E3 (Groundball, 6S, EV 88.8 MPH)
Jeff MacPhee to third
Batting: LHB Marc Durgin 0-0: Called Strike
0-1: Foul Ball, location: 2F
0-2: Foul Ball, location: 2F
0-2: Ball
1-2: Ball
2-2: Fielders Choice at 2nd, 4-6 (Groundball, 4M, EV 105.0 MPH)
Jeff MacPhee scores
Pitching: RHP Nate Allen
Batting: RHB Jonathan Jelich 0-0: Ball
Marc Durgin is caught stealing 2nd base 2-4
Bottom of the 5th over - 1 run, 1 hit, 1 error, 0 left on base; Tulsa 2 - Columbia 5
TOP OF THE 6TH
Tulsa Drillers batting - Pitching for Columbia Fireflies : RHP Bruce Charles
Batting: LHB Nick McGraw 0-0: Ball
1-0: Fly out, F8 (Flyball, 78D, EV 95.6 MPH)
Batting: RHB Dave Cordero 0-0: Called Strike
0-1: Called Strike
0-2: Fly out, F9 (Flyball, 9LS, EV 79.4 MPH)
Batting: SHB Xavier Alaniz 0-0: Called Strike
0-1: Ball
1-1: Swinging Strike
1-2: Ground out 3-1 (Groundball, 34S, EV 79.4 MPH)
Top of the 6th over - 0 runs, 0 hits, 0 errors, 0 left on base; Tulsa 2 - Columbia 5
BOTTOM OF THE 6TH
Columbia Fireflies batting - Pitching for Tulsa Drillers : RHP Nate Allen
Batting: RHB Jonathan Jelich 0-0: Swinging Strike
0-1: Called Strike
0-2: Strikes out swinging
Batting: RHB Yoshiro Higuchi 0-0: SINGLE (Groundball, 6, EV 100.0 MPH)
Batting: RHB Ricky Trejo 0-0: Called Strike
0-1: Ball
Yoshiro Higuchi steals 2nd, throwing error, E2
Yoshiro Higuchi to third
1-1: SINGLE (Flyball, 34D, EV 95.6 MPH)
Yoshiro Higuchi scores
Batting: RHB Omar Gonzalez 0-0: Ball
1-0: Called Strike
1-1: Ball
2-1: Grounds into double play, 5-4-3 (Groundball, 56, EV 101.9 MPH)
Bottom of the 6th over - 1 run, 2 hits, 1 error, 0 left on base; Tulsa 2 - Columbia 6
TOP OF THE 7TH
Tulsa Drillers batting - Pitching for Columbia Fireflies : RHP Bruce Charles
Batting: LHB David McNair 0-0: Called Strike
0-1: Ball
1-1: Ball
2-1: Ball
3-1: Called Strike
3-2: Strikes out swinging
Batting: RHB Koen van Oort 0-0: Called Strike
0-1: Swinging Strike
0-2: Ball
1-2: Ball
2-2: Ball
3-2: Foul Ball, location: 2F
3-2: Strikes out swinging
Batting: RHB Billy Valadez 0-0: Ball
1-0: Foul Ball, location: 2F
1-1: Called Strike
1-2: Fly out, F4 (Flyball, 4D, EV 92.5 MPH)
Top of the 7th over - 0 runs, 0 hits, 0 errors, 0 left on base; Tulsa 2 - Columbia 6
BOTTOM OF THE 7TH
Columbia Fireflies batting - Pitching for Tulsa Drillers : RHP Nate Allen
Pitching: LHP Chris Mobley
Batting: RHB Billy Walker 0-0: Ball
1-0: Foul Ball, location: 2F
1-1: Called Strike
1-2: Fly out, F8 (Flyball, 8RXD, EV 98.1 MPH)
Batting: LHB Joey Biber 0-0: Ball
1-0: Called Strike
1-1: Swinging Strike
1-2: Ball
2-2: Ground out 6-3 (Groundball, 6M, EV 78.8 MPH)
Batting: RHB Jeff MacPhee 0-0: Ground out 1-3 (Groundball, 13, EV 70.0 MPH)
Bottom of the 7th over - 0 runs, 0 hits, 0 errors, 0 left on base; Tulsa 2 - Columbia 6
TOP OF THE 8TH
Tulsa Drillers batting - Pitching for Columbia Fireflies : RHP Bruce Charles
Pitching: RHP Casey Cuomo
Batting: RHB Dave Archibeque 0-0: Called Strike
0-1: Ground out 5-3 (Groundball, 5L, EV 81.2 MPH)
Batting: RHB Steve Haskins 0-0: Ball
1-0: Foul Ball, location: 2F
1-1: SOLO HOME RUN (Flyball, 9LD, EV 91.9 MPH), Distance : 332 ft
Batting: RHB Jesse White 0-0: Foul Ball, location: 2F
0-1: Fly out, F5 (Popup, 5S, EV 73.1 MPH)
Batting: LHB Nick McGraw 0-0: Foul Ball, location: 2F
0-1: Ball
1-1: Swinging Strike
1-2: Foul Ball, location: 2F
1-2: Ground out 6-3 (Groundball, 6, EV 101.2 MPH)
Top of the 8th over - 1 run, 1 hit, 0 errors, 0 left on base; Tulsa 3 - Columbia 6
BOTTOM OF THE 8TH
Columbia Fireflies batting - Pitching for Tulsa Drillers : LHP Chris Mobley
Batting: LHB Roy Blonski 0-0: Called Strike
0-1: Ball
1-1: SINGLE (Groundball, 3D, EV 96.2 MPH)
Batting: LHB Marc Durgin 0-0: Ball
1-0: Foul Ball, location: 2F
1-1: Called Strike
1-2: Ball
2-2: Foul Ball, location: 2F
2-2: Strikes out swinging
Pitching: RHP Juan Isidro
Batting: RHB Jonathan Jelich 0-0: SINGLE (Groundball, 6MD, EV 104.4 MPH)
Roy Blonski to second
Batting: RHB Yoshiro Higuchi 0-0: Ball
1-0: Called Strike
1-1: Grounds into double play, 3-6-3 (Groundball, 3, EV 102.5 MPH)
Bottom of the 8th over - 0 runs, 2 hits, 0 errors, 1 left on base; Tulsa 3 - Columbia 6
TOP OF THE 9TH
Tulsa Drillers batting - Pitching for Columbia Fireflies : RHP Casey Cuomo
Pitching: RHP Jose Herrera
Now in LF: Pete DeHart
Batting: RHB Dave Cordero 0-0: Called Strike
0-1: Ball
1-1: Foul Ball, location: 2F
1-2: SINGLE (Groundball, 4M, EV 108.8 MPH) (infield hit)
Batting: SHB Xavier Alaniz 0-0: Ball
1-0: Ball
2-0: Swinging Strike
2-1: Swinging Strike
2-2: Strikes out swinging
Batting: LHB David McNair 0-0: Foul Ball, location: 2F
0-1: Ball
1-1: Ball
2-1: Swinging Strike
2-2: Strikes out swinging
Pinch Hitting: LHB Kevin Wiebe 0-0: Called Strike
0-1: Ball
1-1: Ball
2-1: Foul Ball, location: 2F
2-2: Foul Ball, location: 2F
2-2: Ball
3-2: Fly out, F7 (Flyball, 78D, EV 96.9 MPH)
Top of the 9th over - 0 runs, 1 hit, 0 errors, 1 left on base; Tulsa 3 - Columbia 6
Thursday, March 31st , 2022 - OOTP Baseball 22.12 Build 89